 Dungeon Crawl Stone Soup version 0.21-a0-184-g9126a74 (webtiles) character file.

161 tehllama the Insei (level 5, -2/33 HPs)
             Began as an Octopode Transmuter on Aug 12, 2017.
             Slain by Grinder (6 damage)
             ... on level 3 of the Dungeon.
             The game lasted 00:07:20 (3212 turns).

tehllama the Insei (Octopode Transmuter)            Turns: 3212, Time: 00:07:24

Health: -2/33      AC:  1    Str: 10    XL:     5   Next: 42%
Magic:  6/8        EV: 13    Int: 15    God:
Gold:   91         SH:  0    Dex: 13    Spells: 2/8 levels left

rFire    . . .     SeeInvis .   o - +0 flail (protect)
rCold    . . .     Gourm    .   (no shield)
rNeg     . . .     Faith    .   (helmet restricted)
rPois    .         Spirit   .   (no amulet)
rElec    .         Reflect  .   (no ring)
rCorr    .         Harm     .   (no ring)
MR       .....                  (no ring)
Stlth    +++.......             (no ring)
HPRegen  0.11/turn              (no ring)
MPRegen  0.11/turn              (no ring)
                                (no ring)
                                (no ring)

@: no status effects
A: almost no armour, stealthy swim, amphibious, 8 rings, constrict 8, camouflage
1, gelatinous body 1
a: no special abilities


You were on level 3 of the Dungeon.
You were not hungry.

You visited 1 branch of the dungeon, and saw 3 of its levels.

You collected 91 gold pieces.

Inventory:

Hand Weapons
 h - a +2 dagger of protection
 o - a +0 flail of protection (weapon)
Missiles
 a - 80 arrows
 j - 19 poisoned needles (quivered)
Wands
 n - a wand of paralysis (10/24)
Scrolls
 d - a scroll of remove curse
 f - 2 scrolls of fear {unknown}
 i - a scroll of fog {unknown}
 l - a scroll of blinking
Potions
 e - a potion of might
 g - 2 potions of flight
Books
 b - a book of Changes

   Spells                             Type                      Level
   a - Beastly Appendage              Transmutation                1
   b - Sticks to Snakes               Transmutation                2
   c - Spider Form                    Transmutation/Poison         3
   d - Ice Form                       Ice/Transmutation            4
   e - Blade Hands                    Transmutation                5
Comestibles
 c - 2 bread rations
 k - a royal jelly
 m - 2 chunks of flesh
 p - 2 fruits


   Skills:
 - Level 1.0 Fighting
 + Level 2.0 Dodging
 + Level 3.5 Stealth
 + Level 5.2 Unarmed Combat
 + Level 2.0 Spellcasting
 + Level 2.0 Transmutations
 + Level 0.0 Poison Magic


You had 2 spell levels left.
You knew the following spells:

 Your Spells              Type           Power        Failure   Level  Hunger
a - Beastly Appendage     Tmut           #.....       10%         1    #......
b - Sticks to Snakes      Tmut           #.......     14%         2    ###....
c - Spider Form           Tmut/Pois      #.........   41%         3    ###....


Dungeon Overview and Level Annotations

Branches:
Dungeon (3/15)

Altars:
Gozag

Annotations:
D:3 Grinder


Innate Abilities, Weirdness & Mutations

You cannot wear most types of armour.
You are very stealthy in the water. (Stealth+)
You are amphibious.
You can wear up to eight rings at the same time.
You can use your tentacles to constrict eight enemies at once.
Your skin changes colour to match your surroundings (Stealth+).
Your rubbery body absorbs attacks. (AC +1, EV +1)


Message History

Grinder blinks!
Grinder drinks a potion.
Grinder seems to grow stronger.
You see here a bread ration.
Grinder says, "Tell me all your secrets, or I'll kill you."
Grinder hits you!
You writhe in agony.
You are too injured to fight recklessly!
You are too injured to fight recklessly!
You are too injured to fight recklessly!
You are too injured to fight recklessly!
You are too injured to fight recklessly!
You are too injured to fight recklessly!
You are too injured to fight recklessly!
Casting: Beastly Appendage
Confirm with . or Enter, or press ? or * to list all spells.
You create a snake!
You now have 80 arrows.
The goblin shouts!
Grinder hits you!
* * * LOW HITPOINT WARNING * * *
You writhe in agony.
You die...

##.....##...
##.......#.# ##....#
###..........###.....###
..'....................#
#..........# #g......#
##.......#.# #.......#
##.....##.###.#...#
##...###.....5...# ##'##
#...%@.S..# #.#
#.##..###.# #.# # #.##
######.####.##.####.#
#.........#.........#
#.##......####.######
##...#.####.#
##.##......# ###########


You could see Grinder, a goblin and a friendly adder.

Vanquished Creatures
  4 gnolls (D:2)
  6 adders (D:2)
  A worm (D:3)
  3 dart slugs (D:2)
  2 leopard geckos
  An orc (D:3)
  2 giant cockroaches
  7 goblins
  10 hobgoblins
  3 jackals
  6 kobolds
  A quokka (D:2)
  2 ball pythons (D:2)
  3 bats
  7 frilled lizards
  3 rats
61 creatures vanquished.

Notes
Turn   | Place    | Note
-------+----------+-------------------------------------------
     0 | D:1      | tehllama the Octopode Transmuter began the quest for the Orb.
     0 | D:1      | Reached XP level 1. HP: 13/13 MP: 3/3
   134 | D:1      | Reached XP level 2. HP: 18/18 MP: 5/5
   782 | D:2      | Reached skill level 4 in Unarmed Combat
   782 | D:2      | Reached XP level 3. HP: 4/23 MP: 6/6
  1399 | D:2      | Reached skill level 1 in Stealth
  1432 | D:2      | Reached XP level 4. HP: 28/28 MP: 5/7
  1496 | D:2      | Found an opulent altar of Gozag.
  1758 | D:2      | Learned a level 2 spell: Sticks to Snakes
  1800 | D:2      | Learned a level 3 spell: Spider Form
  1912 | D:2      | Reached skill level 5 in Unarmed Combat
  2185 | D:2      | Reached XP level 5. HP: 33/33 MP: 8/8
  2659 | D:3      | Noticed an orc warrior
  3208 | D:3      | Noticed Grinder
  3212 | D:3      | Slain by Grinder

Vault maps used:
D:1:      dpeg_arrival_boxes_within_box
D:2:      lemuel_crystal_altar
D:3:      first_bread, uniq_grinder

Skill      XL: |  1  2  3  4  5 |
---------------+----------------+-----
Unarmed Combat | 4 5 |  5.2
Stealth        | 1 2 3 |  3.5
Fighting       | |  1.0
Dodging        | |  2.0
Spellcasting   | |  2.0
Transmutations | |  2.0

Action                   |  1- 3 |  4- 6 || total
-------------------------+-------+-------++-------
Melee: Unarmed           |    49 |    27 ||    76
       Constrict         |    18 |    22 ||    40
       Kick              |    11 |    11 ||    22
       Tentacles         |     8 |    11 ||    19
       Punch             |     2 |       ||     2
       Dagger            |       |    33 ||    33
       Flail             |       |    13 ||    13
 Cast: Beastly Appendage |    17 |    17 ||    34
       Spider Form       |       |     1 ||     1
       Sticks to Snakes  |       |     8 ||     8
  Use: Scroll            |     8 |     3 ||    11
       Potion            |     2 |       ||     2
 Stab: Sleeping          |     4 |     8 ||    12
  Eat: Chunk             |     2 |     7 ||     9
Armor: Skin              |     3 |    11 ||    14
Dodge: Dodged            |    28 |    53 ||    81
